 Dungeon Crawl Stone Soup version 0.30-a0-652-gcc886f7154 (webtiles) character file.

Game seed: 15436796969687664571

16 wormed the Grasshopper (level 2, -3/19 HPs)
             Began as an Octopode Warper on Jan 18, 2023.
             Succumbed to a goblin's poison
             ... on level 1 of the Dungeon.
             The game lasted 00:00:37 (251 turns).

wormed the Grasshopper (Octopode Warper)             Turns: 251, Time: 00:00:38

Health: -3/19      AC:  1    Str: 10    XL:     2   Next: 54%
Magic:  5/5        EV: 13    Int: 15    God:
Gold:   14         SH:  0    Dex: 11    Spells: 5/5 levels left

rFire   . . .      SeeInvis .      - Unarmed
rCold   . . .      Faith    .    (no shield)
rNeg    . . .      Spirit   .    (helmet restricted)
rPois   .          Reflect  .    (no amulet)
rElec   .          Harm     .    (no ring)
rCorr   .          Rampage  .    (no ring)
Will    .....                    (no ring)
Stlth   ++                       (no ring)
HPRegen 0.23/turn                (no ring)
MPRegen 0.09/turn                (no ring)
                                 (no ring)
                                 (no ring)

@: lethally poisoned (-3 -> -19)
A: almost no armour, amphibious, 8 rings, camouflage 1, gelatinous body 1,
(nimble swimmer 1), tentacles
a: no special abilities


You were on level 1 of the Dungeon.
You visited 1 branch of the dungeon, and saw 1 of its levels.

You collected 14 gold pieces.

Inventory:

Missiles
 b - 7 boomerangs of dispersal (quivered)
Scrolls
 c - 2 scrolls of identify {unknown}
Potions
 d - a potion of attraction {unknown}


   Skills:
 + Level 2.2 Fighting
 - Level 1.0 Throwing
 + Level 2.6 Dodging
 + Level 2.2 Unarmed Combat
 + Level 2.2 Spellcasting
 - Level 3.0 Translocations


You had 5 spell levels left.
You didn't know any spells.
Your spell library contained the following spells:

 Spells                   Type           Power      Damage    Failure   Level
 Blink                    Tloc           20%        N/A       10%         2
 Lesser Beckoning         Tloc           20%        N/A       10%         2
 Teleport Other           Tloc           10%        N/A       19%         3
 Vhi's Electric Charge    Tloc/Air       12%        N/A       34%         3
 Manifold Assault         Tloc           10%        N/A       54%         4


Dungeon Overview and Level Annotations

Branches:
Dungeon (1/15)

Altars:


Innate Abilities, Weirdness & Mutations

You cannot wear most types of armour.
You are amphibious.
You can wear up to eight rings at the same time.
Your skin changes colour to match your surroundings (Stealth+).
Your rubbery body absorbs attacks. (AC +1, EV +1)
((You are camouflaged when in or above water. (Stealth+)))
You have tentacles for arms and can constrict up to eight enemies at once.


Message History

Things that are here:
a +0 short sword; a kobold corpse
Items here: ( )) †.
You now have 7 gold pieces.
Found 7 stones.
You now have 14 gold pieces (gained 7).
A rat is nearby!
A rat is nearby!
A rat is nearby!
The rat barely misses you.
You tentacle-slap the rat. Your grab misses the rat.
The rat is heavily wounded.
The rat barely misses you.
You tentacle-slap the rat.
You kill the rat!
No target in view!
A goblin is nearby!
A goblin is nearby!
A goblin is nearby!
The endoplasm quivers.
Found a knobbly runed staff.
The goblin shouts!
A quokka comes into view.
The goblin hits you with a +2 dagger of venom.
You are poisoned.
The endoplasm closely misses you.
You tentacle-slap the endoplasm but do no damage.
You squeeze the endoplasm, but do no damage.
You feel very sick. The endoplasm freezes you.
You are frozen.
The goblin hits you with a +2 dagger of venom.
* * * LOW HITPOINT WARNING * * *
You are more poisoned.
* * * LOW HITPOINT WARNING * * *
You feel very sick.
Blink to where?
Press: ? - help, Dir - move target
As you read the scroll of blinking, it crumbles to dust.
You die...

......#)....#.# #.####.# ####
##.####.....#.###....#.##....#
#...................)........ .
##########.#......#.#.##.#.##.#
#)#...#.........#....#
#)######.#.#.......... #######
#.#......#.###........ ......#
#.#.######...§J.r.....
......#####)#.#.@...###.g.......
....................# #.........
....................# #|........
....................+ ..........
...................(#######.####
...............###### .#
...............# #
.....#....†....#
.....#.........#


There were no monsters in sight!

Vanquished Creatures
  A giant cockroach (D:1)
  3 goblins (D:1)
  A hobgoblin (D:1)
  4 jackals (D:1)
  3 kobolds (D:1)
  A rat (D:1)
13 creatures vanquished.

Notes
Turn   | Place    | Note
-------+----------+-------------------------------------------
     0 | D:1      | wormed the Octopode Warper began the quest for the Orb.
     0 | D:1      | Reached XP level 1. HP: 14/14 MP: 3/3
    68 | D:1      | Reached XP level 2. HP: 6/19 MP: 5/5
   251 | D:1      | Succumbed to a goblin's poison

Illustrated notes

Levels and vault maps discovered:
D:1:      saegor_arrival_simple_b, layout_basic

Action                   || total
-------------------------++-------
Melee: Unarmed           ||    36
       Tentacles         ||    13
       Constrict         ||     9
  Use: Scroll            ||     1
 Stab: Sleeping          ||     1
Armor: Skin              ||     1
Dodge: Dodged            ||    19

Table legend: (Time is in decaauts)
 A = Elapsed time spent in this place.
 B = Non-inter-level travel time spent in this place.
 C = Inter-level travel time spent in this place.
 D = Time resting spent in this place.
 E = Time spent auto-exploring this place.
 F = Levels seen in this place.
 G = Mean time per level.
                   A        B        C        D        E       F      G
               +--------+--------+--------+--------+--------+-----+--------+
         Total |    249 |    249 |      0 |      0 |    157 |   1 |  249.0 |
       Dungeon |    249 |    249 |      0 |      0 |    157 |   1 |  249.0 |
               +--------+--------+--------+--------+--------+-----+--------+

Top non-repeatable levels by time:
     D:1: 249 daAuts
